 Dungeon Crawl Stone Soup version 0.31.0-12-g77e489cdc1 (webtiles) character file.

Game seed: 9783410766660303873

23398 boopmooplesden the Severer (level 12, -1/99 HPs)
             Began as a Minotaur Fighter on Feb 12, 2024.
             Was a High Priest of Hepliaklqana.
             Slain by a deep elf knight (7 damage)
             ... on level 13 of the Dungeon.
             The game lasted 00:19:34 (12007 turns).

boopmooplesden the Severer (Minotaur Fighter)      Turns: 12007, Time: 00:19:35

Health: -1/99      AC: 25    Str: 26    XL:     12   Next: 71%
Magic:  3/3        EV:  8    Int:  5    God:    Hepliaklqana [*****.]
Gold:   884        SH:  0    Dex: 10    Spells: 11/11 levels left

rFire   . . .        j - +2 battleaxe of Cowardice {antimagic, rElec}
rCold   . . .        (shield currently unavailable)
rNeg    . . .        N - +0 plate armour
rPois   .            h - +2 hat
rElec   +            H - +1 cloak
rCorr   .            z - +0 pair of gloves
SInv    .            P - +2 pair of boots
Will    .....        g - amulet of the acrobat Stlth
                     (no ring)
HPRegen 0.36/turn    (no ring)
MPRegen 0.08/turn

%: acrobat
@: no status effects
A: reduced essence, horns 2, retaliatory headbutt
a: Renounce Religion, Recall Ancestor, Ancestor Identity, Transference, Idealise


You were on level 13 of the Dungeon.
You worshipped Hepliaklqana.
Hepliaklqana was extremely pleased with you.
You visited 1 branch of the dungeon, and saw 13 of its levels.
You also visited: Ossuary.

You collected 884 gold pieces.

Inventory:

Hand Weapons
 a - a +1 war axe of draining
 b - a +3 sling
 d - a +2 whip of freezing
 j - the +2 battleaxe of Cowardice (weapon) {antimagic, rElec}
   (You found it on level 12 of the Dungeon)

   rElec:     It insulates you from electricity.
 E - a +1 war axe
 R - a +4 vampiric trident
Missiles
 y - 5 throwing nets (quivered)
Armour
 h - a +2 hat (worn)
 x - a +1 kite shield
 z - a +0 pair of gloves (worn)
 H - a +1 cloak (worn)
 I - a +2 kite shield of fire resistance
 N - a +0 plate armour (worn)
 P - a +2 pair of boots (worn)
Jewellery
 g - an amulet of the acrobat (around neck)
 A - an amulet of magic regeneration
 B - a ring of wizardry
 U - a ring of willpower
Talismans
 f - a beast talisman
 w - a blade talisman
Wands
 v - a wand of light (23)
 C - a wand of roots (20)
 G - a wand of charming (15)
 M - a wand of flame (11)
Scrolls
 c - 3 scrolls of teleportation
 i - a scroll of blinking
 k - 5 scrolls of immolation
 n - 5 scrolls of fear
 p - 3 scrolls of revelation
 s - 3 scrolls of vulnerability
 S - a scroll of identify
Potions
 e - 2 potions of enlightenment
 l - a potion of lignification
 m - 3 potions of degeneration
 o - 9 potions of curing
 q - 3 potions of attraction
 r - a potion of magic
 t - 4 potions of heal wounds
 D - a potion of might
 F - 2 potions of brilliance
 J - 4 potions of invisibility
 K - a potion of haste
 L - 2 potions of mutation
 O - a potion of ambrosia
 Q - 3 potions of resistance
 T - a potion of berserk rage
Miscellaneous
 u - a phial of floods


   Skills:
 + Level 11.7 Fighting
 + Level 16.6 Axes
 + Level 1.2 Ranged Weapons
 + Level 12.4 Armour
 + Level 3.0 Dodging
 + Level 4.0 Stealth
 + Level 9.5 Shields


You had 11 spell levels left.
You didn't know any spells.
Your spell library contained the following spells:

 Spells                   Type           Power      Damage    Failure   Level
 Magic Dart               Conj           0%         1d3       99%         1
 Sting                    Conj/Alch      0%         1d3       99%         1
 Blink                    Tloc           0%         N/A       100%        2
 Call Imp                 Summ           0%         N/A       100%        2
 Ensorcelled Hibernation  Hex/Ice        0%         N/A       100%        2
 Jinxbite                 Hex            0%         N/A       100%        2
 Mercury Vapours          Alch/Air       0%         N/A       100%        2
 Dazzling Flash           Conj/Hex       0%         N/A       100%        3
 Mephitic Cloud           Conj/Alch/Air  0%         N/A       100%        3
 Passwall                 Erth           0%         N/A       100%        3
 Sigil of Binding         Hex            0%         N/A       100%        3
 Swiftness                Air            0%         N/A       100%        3
 Anguish                  Hex/Necr       0%         N/A       100%        4
 Animate Dead             Necr           0%         N/A       100%        4
 Olgreb's Toxic Radiance  Alch           0%         N/A       100%        4
 Petrify                  Alch/Erth      0%         N/A       100%        4
 Borgnjor's Vile Clutch   Necr/Erth      0%         N/A       100%        5
 Curse of Agony           Necr           0%         N/A       100%        5
 Silence                  Hex/Air        0%         N/A       100%        5
 Yara's Violent Unravell  Hex/Alch       0%         3d3       100%        5
 Death Channel            Necr           0%         N/A       100%        6
 Enfeeble                 Hex            0%         N/A       100%        7


Dungeon Overview and Level Annotations

Branches:
Dungeon (13/15)            Temple (0/1) D:4            Lair (0/5) D:8
 Vaults (0/5) D:13        Ossuary (visited)
    Orc: D:9-12

Altars:
Elyvilon
Hepliaklqana
Makhleb
Nemelex Xobeh
Ru
Sif Muna
Xom
Zin
The Shining One

Annotations:
D:13 1 transporter, Curundu's ghost, journeyman MiBe


Innate Abilities, Weirdness & Mutations

Your life essence is reduced to manifest your ancestor. (-10% HP)
You have a pair of horns on your head.
You reflexively headbutt those who attack you in melee.


Message History

The orc wizard flickers and vanishes!
You barely miss the centaur.
You headbutt the centaur, but do no damage.
The centaur hits you but does no damage.
The centaur barely misses you.
The deep elf knight points at you and mumbles some strange words.
The shard of ice hits you!!
The orc knight shoots a bolt.
The bolt hits you!
The centaur hits you but does no damage.
The centaur kicks you but does no damage.
You slice the centaur!!
You kill the centaur!
The deep elf knight gestures at you while chanting.
The shard of ice misses you.
The deep elf knight shoots an arrow.
The arrow hits you but does no damage.
Found a gate to the Vaults.
The orc knight shoots a bolt.
The bolt hits you.
The deep elf knight shoots an arrow.
The arrow barely misses you.
The deep elf zephyrmancer casts a spell.
The deep elf zephyrmancer blinks!
Things that are here:
a +0 shortbow; a +4 orcbow The deep elf knight shoots an arrow.
The arrow hits you!
* * * LOW HITPOINT WARNING * * *
The deep elf knight gestures wildly while chanting.
The deep elf knight flickers and vanishes!
You hear a shout!
You completely miss something. Something hits you but does no damage.
Unknown command.
You miss something. Something hits you!
* * * LOW HITPOINT WARNING * * *
You closely miss something. Something hits you.
* * * LOW HITPOINT WARNING * * *
You completely miss something.
Something hits you but does no damage. x2
You closely miss something. Your headbutt misses something.
You closely miss something. Something hits you!
* * * LOW HITPOINT WARNING * * *
Something hits you.
* * * LOW HITPOINT WARNING * * *
You miss something. Your headbutt misses something. You barely miss something.
Something hits you!
You die...

##'#### #.#..#.# ##### ..(...#
#### ......... #.... ......#
#..#####§#..#.#####.<[. ......#
#.......e..............
......#####......................
......##..[.######{#o.#.#####....
......'..#####.#)..)...... #.[..
......#### #.)##.#..#.## #'###
#.##### #.#@#.#..# # #.###
..##### #..#{## .# #.... ......#
#∩....# .# ####. ......# #######
# ######### ..<...# #........
......# #........ ......#
+.......# ......# #>......#
......+ #.......#


There were no monsters in sight!

Vanquished Creatures
  A centaur warrior (D:13)
  3 two-headed ogres
  A fire crab (shapeshifter) (D:13)
  3 skeletal warriors (D:12)
  The ghost of Zeo the Skirmisher, a novice BaHu of Hepliaklqana (D:9)
  Pikel (D:4)
  3 manticores
  A cyclops (D:13)
  Jeremiah (D:6)
  An efreet (D:13)
  A tengu conjurer (D:13)
  2 trolls
  A shadow (D:12)
  5 slime creatures (D:12)
  Eustachio (D:4)
  Sigmund (D:6)
  5 wraiths (D:12)
  A vampire (D:11)
  A wyvern (D:10)
  13 yaks
  Duvessa (D:6)
  3 ice beasts
  3 orc warriors
  A sky beast (D:7)
  7 centaurs
  An ogre (D:7)
  2 wolves (D:8)
  A lemure (D:4)
  A phantom (D:4)
  6 kobold brigands
  5 gnoll sergeants
  4 scorpions
  A bullfrog (D:8)
  8 water moccasin zombies (Ossuary)
  A burial acolyte (Ossuary)
  6 wights (D:7)
  Dowan (D:6)
  3 killer bees (D:9)
  An electric eel (D:6)
  8 howler monkeys
  Crazy Yiuf (D:5)
  2 bombardier beetles
  2 hounds (D:4)
  2 gnoll boudas (D:8)
  An orc priest (D:8)
  A jelly (D:5)
  4 iguanas
  5 orc wizards
  A sleepcap (D:5)
  A crocodile zombie (Ossuary)
  3 mummies
  8 adders
  19 gnolls
  2 shadow imps (D:6)
  An adder zombie (Ossuary)
  A dart slug (D:4)
  5 ribbon worms
  12 orcs
  6 ball pythons
  7 bats
  3 endoplasms
  A giant cockroach (D:1)
  12 gnoll zombies (Ossuary)
  5 hobgoblins
  2 jackals (D:3)
  5 quokkas
  6 frilled lizards
  7 goblins
  A goblin zombie (D:6)
  3 jackal zombies (Ossuary)
  37 kobolds
  3 orc zombies
  8 rats
288 creatures vanquished.

Vanquished Creatures (collateral kills)
  Josephine (D:12)
  A boulder beetle (D:12)
  A tengu warrior (D:13)
  2 skeletal warriors (D:12)
  A deep elf pyromancer (D:13)
  2 ugly things
  An unseen horror (D:9)
  Psyche (D:9)
  A slime creature (D:12)
  A vampire (D:11)
  3 yaks
  A wraith (D:13)
  Menkaure (D:6)
  2 orc warriors (D:8)
  An ogre (D:5)
  2 centaurs
  A kobold brigand (D:8)
  A water moccasin zombie (Ossuary)
  A bombardier beetle (D:6)
  A hound (D:5)
  A jelly (D:7)
  A sleepcap (D:5)
  2 orc wizards
  A crocodile zombie (Ossuary)
  10 gnolls
  An adder (D:5)
  An adder zombie (Ossuary)
  3 orcs
  A gnoll zombie (Ossuary)
  6 kobolds
  3 jackal zombies (Ossuary)
56 creatures vanquished.

Vanquished Creatures (others)
  4 hexers
4 creatures vanquished.

Grand Total: 348 creatures vanquished

Notes
Turn   | Place    | Note
-------+----------+-------------------------------------------
     0 | D:1      | boopmooplesden the Minotaur Fighter began the quest for the
                  | Orb.
     0 | D:1      | Reached XP level 1. HP: 19/19 MP: 0/0
   159 | D:1      | Found a faded altar of an unknown god.
   227 | D:1      | Reached XP level 2. HP: 27/27 MP: 1/1
   638 | D:2      | Reached skill level 3 in Axes
   638 | D:2      | Reached XP level 3. HP: 27/33 MP: 2/2
  1274 | D:3      | Reached XP level 4. HP: 35/40 MP: 3/3
  1840 | D:3      | Found a sparkling altar of Nemelex Xobeh.
  1861 | D:3      | Found a hazy altar of Hepliaklqana.
  1870 | D:3      | Became a worshipper of Hepliaklqana the Forgotten
  1980 | D:3      | Found a shimmering blue altar of Sif Muna.
  1980 | D:3      | Found a burning altar of Makhleb.
  2387 | D:4      | Noticed a lemure
  2388 | D:4      | Noticed a lemure
  2389 | D:4      | Noticed Eustachio
  2389 | D:4      | Noticed Pikel
  2390 | D:4      | Noticed a lemure
  2391 | D:4      | Noticed a lemure
  2456 | D:4      | Found a staircase to the Ecumenical Temple.
  2481 | D:4      | Killed a lemure
  2485 | D:4      | Killed Pikel
  2486 | D:4      | Reached skill level 6 in Axes
  2486 | D:4      | Reached skill level 5 in Armour
  2486 | D:4      | Reached skill level 5 in Shields
  2486 | D:4      | Reached XP level 5. HP: 34/47 MP: 4/4
  2486 | D:4      | Reached XP level 6. HP: 39/55 MP: 5/5
  2486 | D:4      | Reached XP level 7. HP: 43/60 MP: 6/6
  2599 | D:4      | Reached skill level 7 in Axes
  2753 | D:4      | Killed Eustachio
  2754 | D:4      | Reached skill level 5 in Fighting
  2992 | D:4      | Reached * piety under Hepliaklqana
  3221 | D:5      | Entered Level 5 of the Dungeon
  3233 | D:5      | Reached skill level 1 in Ranged Weapons
  3233 | D:5      | Reached XP level 8. HP: 61/61 MP: 7/7
  3254 | D:5      | Reached skill level 8 in Axes
  3254 | D:5      | Reached skill level 1 in Dodging
  3392 | D:5      | Got Sif Muna's Spellbook of Unlucky Degeneration
  3430 | D:5      | Identified the +2 leather armour "Yxuciklu" {-Cast Rampage
                  | Str-5 Dex+8}
  3970 | D:5      | Found a runed translucent door.
  3971 | D:5      | Noticed Crazy Yiuf
  3978 | D:5      | Killed Crazy Yiuf
  4196 | D:6      | Reached skill level 9 in Axes
  4339 | D:6      | Found a sacrificial altar of Ru.
  4399 | D:6      | Found a white marble altar of Elyvilon.
  4427 | D:6      | Noticed Sigmund
  4440 | D:6      | Killed Sigmund
  4441 | D:6      | Reached skill level 1 in Stealth
  4460 | D:6      | Reached ** piety under Hepliaklqana
  4465 | D:6      | Found a sand-covered staircase.
  4473 | Ossuary  | Entered an ossuary
  4596 | Ossuary  | Remembered your ancestor Beli-Ashared as a hexer
  4617 | Ossuary  | Reached XP level 9. HP: 60/67 MP: 8/8
  4632 | Ossuary  | Reached skill level 10 in Axes
  4958 | D:6      | Noticed Menkaure
  4964 | D:6      | Killed Menkaure
  5096 | D:6      | Reached skill level 11 in Axes
  5125 | D:6      | Noticed Duvessa
  5126 | D:6      | Noticed Dowan
  5129 | D:6      | Noticed Jeremiah
  5130 | D:6      | Killed Duvessa
  5135 | D:6      | Killed Dowan
  5148 | D:6      | Killed Jeremiah
  5772 | D:7      | Found a shimmering altar of Xom.
  5788 | D:7      | Reached skill level 12 in Axes
  5928 | D:7      | Reached XP level 10. HP: 66/77 MP: 9/9
  6137 | D:7      | Found a glowing silver altar of Zin.
  6152 | D:7      | Found a glowing golden altar of the Shining One.
  6591 | D:8      | Found a staircase to the Lair.
  6766 | D:8      | Reached *** piety under Hepliaklqana
  6843 | D:8      | Noticed a two-headed ogre
  6850 | D:8      | Killed a two-headed ogre
  6851 | D:8      | Reached skill level 13 in Axes
  7536 | D:9      | Reached **** piety under Hepliaklqana
  7909 | D:9      | Noticed Psyche
  7920 | D:9      | Killed Psyche
  8090 | D:9      | Reached skill level 14 in Axes
  8093 | D:9      | Reached XP level 11. HP: 87/87 MP: 10/10
  8150 | D:9      | Found a large runed translucent door.
  8153 | D:9      | Found a large runed translucent door.
  8154 | D:9      | Noticed Zeo's ghost (novice BaHu)
  8473 | D:9      | Killed Zeo's ghost
  8537 | D:10     | Entered Level 10 of the Dungeon
  8739 | D:10     | Reached ***** piety under Hepliaklqana
  9546 | D:11     | Reached skill level 10 in Fighting
  9697 | D:11     | Noticed a two-headed ogre
  9700 | D:11     | Killed a two-headed ogre
  9701 | D:11     | Reached skill level 10 in Armour
  9797 | D:11     | Reached skill level 15 in Axes
  9957 | D:12     | Identified the +2 battleaxe of Cowardice {antimagic, rElec}
 10131 | D:12     | Noticed a boulder beetle
 10138 | D:12     | Killed a boulder beetle
 10214 | D:12     | Noticed a skeletal warrior
 10216 | D:12     | Noticed a skeletal warrior
 10216 | D:12     | Noticed a skeletal warrior
 10217 | D:12     | Noticed a skeletal warrior
 10218 | D:12     | Noticed a skeletal warrior
 10223 | D:12     | Noticed a white ugly thing
 10230 | D:12     | Killed a skeletal warrior
 10231 | D:12     | Noticed Josephine
 10236 | D:12     | Killed a skeletal warrior
 10245 | D:12     | Killed a skeletal warrior
 10281 | D:12     | Killed a skeletal warrior
 10546 | D:12     | Killed Josephine
 10547 | D:12     | Reached XP level 12. HP: 43/95 MP: 8/11
 10874 | D:12     | Reached skill level 16 in Axes
 11037 | D:12     | Noticed a two-headed ogre
 11043 | D:12     | Killed a two-headed ogre
 11368 | D:13     | Found a transporter.
 11370 | D:13     | Noticed a death knight
 11370 | D:13     | Noticed Curundu's ghost (journeyman MiBe)
 11380 | D:13     | Noticed a tengu warrior
 11400 | D:13     | Killed a tengu warrior
 11986 | D:13     | Noticed a centaur warrior
 11991 | D:13     | Killed a centaur warrior
 11998 | D:13     | Found a gate to the Vaults.
 12007 | D:13     | Slain by a deep elf knight

Illustrated notes

Levels and vault maps discovered:
D:1:      psy_arrival_basics, layout_rooms, shapermc_ecumenical_altar_petra
D:2:      layout_loops_ring
D:3:      layout_basic, nzn_hepliaklqana_mist_gate,
          gammafunk_temple_overflow_forgotten, dreamdust_wishing_well
D:4:      layout_cave_pools, minmay_temple_entry_wispy, uniq_eustachio,
          uniq_pikel
D:5:      layout_loops_cross, saegor_snake_ambush, uniq_crazy_yiuf_cottage
D:6:      layout_basic, nicolae_ru_great_annihilating_truth,
          lemuel_doored_altar, nicolae_ossuary_entry_giza,
          serial_bayou_lagoon_b, uniq_jeremiah, uniq_sigmund, uniq_duvessa,
          uniq_menkaure
D:7:      layout_basic, zin_statuary, mainiacjoe_overflow_paths,
          mainiacjoe_overflow_cross_hatched, kennysheep_minor_cross
D:8:      layout_basic, erik_lair_orcish_takeover, minmay_misc_feat_square,
          minmay_misc_feat_x
D:9:      layout_stronghold, ebering_ghost_disaster_area, uniq_psyche
D:10:     layout_loops_ring, serial_glass, glass_columns_a, glass_columns_b,
          glass_columns_b, glass_columns_c, glass_columns_c, glass_columns_b,
          unseen_surprise_small, item_on_display_a, minmay_strange_pillars,
          due_unseen_surprise
D:11:     layout_stronghold, david_orc_5, serial_column_ruins, column_ruins_hut,
          column_ruins_open_large, column_ruins_corridor_water,
          column_ruins_grid_3, column_ruins_grid_2, serial_shops,
          nicolae_lakefront_shop
D:12:     layout_roguey, uniq_josephine
D:13:     layout_roguey, hangedman_vaults_entry_quadrant_bands,
          gammafunk_ghost_mausoleum

Skill      XL: |  1  2  3  4  5  6  7  8  9 10 11 12 |
---------------+-------------------------------------+-----
Fighting       | 4 5 7 9 10 11 | 11.7
Armour         | 4 5 6 7 8 9 11 12 | 12.4
Axes           | 3 6 7 9 12 14 15 16 | 16.6
Shields        | 4 5 6 7 8 9 |  9.5
Ranged Weapons | 1 |  1.2
Dodging        | 1 2 3 |  3.0
Stealth        | 1 3 4 |  4.0

Action                     |  1- 3 |  4- 6 |  7- 9 | 10-12 || total
---------------------------+-------+-------+-------+-------++-------
  Melee: War axe           |    93 |    44 |   261 |   356 ||   754
         Headbutt          |    12 |     8 |    55 |    88 ||   163
         Battleaxe         |       |       |       |    59 ||    59
   Fire: Sling             |       |       |     7 |       ||     7
 Invoke: Ancestor Life: He |       |       |     1 |       ||     1
         Ancestor Identity |       |       |     1 |       ||     1
         Recall Ancestor   |       |       |     1 |     1 ||     2
    Use: Scroll            |     6 |       |    12 |    11 ||    29
         Potion            |       |     1 |       |     1 ||     2
   Stab: Distracted        |       |       |     3 |     6 ||     9
         Paralysed         |       |       |     1 |       ||     1
         Confused          |       |       |     1 |     6 ||     7
 Armour: Chain mail        |    72 |    34 |   184 |    31 ||   321
         Scale mail        |     3 |       |       |       ||     3
         Plate armour      |       |       |       |   294 ||   294
  Dodge: Dodged            |    37 |    24 |   149 |   184 ||   394
  Block: Buckler           |    16 |     9 |    60 |    24 ||   109
         Kite shield       |       |       |       |   113 ||   113
